cohdb
Replays
Latest Replays
All Replays
Popular Replays
Top Player Replays
Match Explorer
How It Works
Community
CoH3 Stats
Reddit
Sign in to upload your games and track your stats! →
Sign in with Steam
Match 41699072
Unlisted
Match 41699072
Overview
Messages
Build Orders
End
Panzergrenadier Squad
Selects Italian Infantry
Panzergrenadier Squad
Construct Light Support Kompanie
2.5-tonne Medical Truck
MG34 Team
Selects Guastatori Squad
Guastatori Squad
Fire Support Elements
Pak 38 Mechanized Group
Construct Panzerarmee Kommand
Selects Sound the Alarm
Selects Territory Booby Traps
Armored Reserves
Tiger Heavy Tank
Rapid Advance
Selects Registered Artillery
Selects Propaganda War
Tiger Heavy Tank
Selects Towed Cannone da 105/28 Field Howitzer
Vehicle Survival Package
Guastatori Squad
Tungsten Core Ammunition
Advanced Optics
Propaganda War
StuG Assault Group
Advanced Field Repairs
-EGON
Don tyr
Mangelmutant
USHALLNOTPASS
mp5
Dawes
Whitent
Yami
0
0
Comments
sign in to comment!
No comments posted yet!